 Dungeon Crawl Stone Soup version 0.25.0-11-g1f837a76a1 (webtiles) character file.

Game seed: 8895018761146324235

391 Kold the Insei (level 6, -6/38 HPs)
             Began as an Octopode Transmuter on June 24, 2020.
             Mangled by Blork the orc
             ... wielding a +3 dire flail of distortion
              (12 damage)
             ... on level 5 of the Dungeon.
             The game lasted 00:06:56 (4662 turns).

Kold the Insei (Octopode Transmuter)                Turns: 4662, Time: 00:06:57

Health: -6/38      AC:  1    Str: 15      XL:     6   Next: 80%
Magic:  8/9        EV: 13    Int: 14 (16) God:
Gold:   164        SH:  0    Dex: 12 (14) Spells: 3/9 levels left

rFire    . . .     SeeInvis +     - Unarmed
rCold    . . .     Gourm    .   (no shield)
rNeg     . . .     Faith    .   (helmet restricted)
rPois    .         Spirit   .   (no amulet)
rElec    .         Reflect  .   g - +6 ring of strength
rCorr    .         Harm     .   b - ring of see invisible
MR       .....                  (no ring)
Stlth    +++.......             (no ring)
HPRegen  0.12/turn              (no ring)
MPRegen  0.11/turn              (no ring)
                                (no ring)
                                (no ring)

@: appendage
A: almost no armour, stealthy swim, amphibious, 8 rings, constrict 8, tentacle
spike 3, camouflage 1, gelatinous body 1
a: End Transformation


You were on level 5 of the Dungeon.
You were not hungry.
One of your tentacles had a temporary spike.
You visited 1 branch of the dungeon, and saw 5 of its levels.

You collected 164 gold pieces.

Inventory:

Missiles
 a - 25 arrows
Armour
 n - a +2 kite shield
Jewellery
 b - a ring of see invisible (right tentacle)
 g - a +6 ring of strength (left tentacle)
Scrolls
 d - 4 scrolls of enchant armour {unknown}
 f - 2 scrolls of teleportation {unknown}
 h - 7 scrolls of identify
 i - a scroll of blinking
 j - a scroll of immolation {unknown}
 m - a scroll of remove curse
Potions
 e - a potion of lignification
 l - a potion of stabbing
 o - a potion of brilliance
 q - a potion of haste
Comestibles
 c - 14 rations
 k - a chunk of flesh


   Skills:
 - Level 1.0 Fighting
 - Level 2.0 Dodging
 - Level 2.0 Stealth
 + Level 5.2 Unarmed Combat
 - Level 2.0 Spellcasting
 + Level 4.6 Transmutations
 + Level 2.6 Poison Magic


You had 3 spell levels left.
You knew the following spells:

 Your Spells              Type           Power        Failure   Level  Hunger
a - Beastly Appendage     Tmut           ##....       3%          1    ##.....
b - Sticks to Snakes      Tmut           ##......     5%          2    ###....
c - Spider Form           Tmut/Pois      ##........   16%         3    ####...

Your spell library contained the following spells:

 Spells                   Type           Power        Failure   Level  Hunger
 Ice Form                 Ice/Tmut       #.......     67%         4    #####..
 Blade Hands              Tmut           ##........   69%         5    ######.


Dungeon Overview and Level Annotations

Branches:
Dungeon (5/15)
 Temple: D:4-7

Altars:
Nemelex Xobeh
Yredelemnul

Annotations:
D:4 1 exclusion, Pikel
D:5 Blork the orc


Innate Abilities, Weirdness & Mutations

You cannot wear most types of armour.
You are very stealthy in the water. (Stealth+)
You are amphibious.
You can wear up to eight rings at the same time.
You can use your tentacles to constrict eight enemies at once.
Your skin changes colour to match your surroundings (Stealth+).
Your rubbery body absorbs attacks. (AC +1, EV +1)
One of your tentacles bears a large vicious spike.


Message History

The frilled lizard bites you.
Blork the orc hits you with a +3 dire flail of distortion!
Space bends around you.
* * * LOW HITPOINT WARNING * * *
You barely miss Blork the orc. You grab Blork the orc.
You tentacle-slap Blork the orc.
Blork the orc is lightly wounded.
You constrict Blork the orc. The frilled lizard barely misses you.
You tentacle-slap Blork the orc.
You pierce Blork the orc, but do no damage.
Blork the orc is moderately wounded.
You constrict Blork the orc. Blork the orc closely misses you.
You tentacle-slap Blork the orc but do no damage.
Blork the orc is moderately wounded.
You constrict Blork the orc. The frilled lizard closely misses you.
Blork the orc complains loudly.
Blork the orc hits you with a +3 dire flail of distortion.
* * * LOW HITPOINT WARNING * * *
Space warps horribly around you!
You die...

...##..
#...#
#.#
####.#
#....#
#.####
#.# #l#
#@# #o#
#<# #.#
#.# #.#
#..
###. .#


You could see Blork the orc and a frilled lizard.

Vanquished Creatures
  Edmund (D:4)
  A scorpion (D:4)
  A crimson imp (D:3)
  2 worker ants (D:4)
  6 adders
  An ooze (D:1)
  4 worms
  3 dart slugs
  A leopard gecko (D:1)
  An orc (D:4)
  2 ball pythons (D:1)
  3 giant cockroaches
  7 goblins
  13 hobgoblins
  2 jackals (D:2)
  7 kobolds
  2 quokkas
  5 bats
  7 frilled lizards
  A jackal skeleton (D:4)
  A leopard gecko skeleton (D:4)
  10 rats
81 creatures vanquished.

Notes
Turn   | Place    | Note
-------+----------+-------------------------------------------
     0 | D:1      | Kold the Octopode Transmuter began the quest for the Orb.
     0 | D:1      | Reached XP level 1. HP: 13/13 MP: 3/3
   240 | D:1      | Reached skill level 1 in Stealth
   240 | D:1      | Reached XP level 2. HP: 6/18 MP: 5/5
   818 | D:1      | Reached XP level 3. HP: 20/23 MP: 6/6
  1533 | D:2      | Found a basalt altar of Yredelemnul.
  1831 | D:2      | Reached XP level 4. HP: 24/28 MP: 7/7
  2345 | D:2      | Reached skill level 4 in Unarmed Combat
  2561 | D:2      | Found a faded altar of an unknown god.
  2790 | D:3      | Reached XP level 5. HP: 28/33 MP: 6/8
  3375 | D:3      | Found a sparkling altar of Nemelex Xobeh.
  3637 | D:4      | Learned a level 2 spell: Sticks to Snakes
  3641 | D:4      | Learned a level 3 spell: Spider Form
  3970 | D:4      | Reached skill level 1 in Poison Magic
  4075 | D:4      | Noticed Pikel
  4076 | D:4      | Noticed a slave
  4076 | D:4      | Noticed a slave
  4076 | D:4      | Noticed a slave
  4076 | D:4      | Noticed a slave
  4160 | D:4      | Noticed Edmund
  4164 | D:4      | Reached XP level 6. HP: 38/38 MP: 7/9
  4178 | D:4      | Reached skill level 5 in Unarmed Combat
  4213 | D:4      | Killed Edmund
  4633 | D:5      | Entered Level 5 of the Dungeon
  4641 | D:5      | Noticed Blork the orc
  4662 | D:5      | Mangled by Blork the orc

Illustrated notes

Levels and vault maps discovered:
D:1:      minmay_arrival_open_corners, layout_loops_ring
D:2:      layout_basic, yredelemnul_altar_generic,
          chequers_ecumenical_altar_twisty, first_ration
D:3:      layout_loops_ring, nemelex_spade_bored_becter
D:4:      layout_basic, minivault_5, minmay_diced_spiral, uniq_edmund,
          uniq_pikel
D:5:      layout_loops_ring, enter_ossuary_3, uniq_ijyb, uniq_blork_the_orc,
          uniq_grinder

Skill      XL: |  1  2  3  4  5  6 |
---------------+-------------------+-----
Stealth        | 1 2 |  2.0
Transmutations | 3 4 |  4.6
Unarmed Combat | 4 5 |  5.2
Poison Magic   | 1 2 |  2.6
Fighting       | |  1.0
Dodging        | |  2.0
Spellcasting   | |  2.0

Action                   |  1- 3 |  4- 6 || total
-------------------------+-------+-------++-------
Melee: Unarmed           |    79 |   117 ||   196
       Constrict         |    24 |    24 ||    48
       Tentacles         |     7 |    24 ||    31
       Punch             |     3 |     4 ||     7
       Kick              |     5 |    13 ||    18
 Cast: Beastly Appendage |     5 |    12 ||    17
  Use: Potion            |       |     5 ||     5
       Scroll            |       |     4 ||     4
 Stab: Sleeping          |    12 |     9 ||    21
  Eat: Chunk             |     3 |     9 ||    12
Armor: Skin              |     3 |    15 ||    18
Dodge: Dodged            |    39 |    53 ||    92
